AoeStats
← Basado Basadez

Nomad

509180326Analyzed
3v3 RM · 5d ago on Sep 25, 2026· 46m 37s· 6 players
Game mode
Random Map
Map size
210×210
Population
200
Speed
Normal
Resources
Standard
Victory
Conquest
Starting age
Dark Age
Ending age
Imperial Age
RankedLock teamsTeams togetherTeam positionsShared explorationLock speedFull tech treeHidden civsTurbo modeCheats
Victory
Defeat
🇬🇧 Varangians · United Kingdom
1137
+16
🇪🇸 Tupi · Spain
1094
+17
🇬🇧 Varangians · United Kingdom
1059
+18
🇬🇧 Cumans · United Kingdom
1126
-17
🇪🇸 Teutons · Spain
1125
-17
🇪🇸 Huns · Spain
1125
-17
david.down
3:55 Loom
13:45 Feudal Age
14:08 Fishing Lines
14:23 Double-Bit Axe
14:21 Fishing Lines
17:19 Wheelbarrow
20:49 Castle Age
18:42 Horse Collar
19:36 Scale Mail Armor
19:47 Forging
20:48 Fletching
20:52 Gold Mining
20:55 Arson
21:19 Stone Mining
22:38 Bow Saw
22:00 Pikeman
23:21 Chain Mail Armor
23:49 Hand Cart
25:42 Gillnets
27:03 Stone Shaft Mining
29:40 Heavy Plow
30:54 Iron Casting
36:08 Imperial Age
34:24 Bodkin Arrow
35:15 Scale Barding Armor
36:17 Murder Holes
36:32 Masonry
38:57 Conscription
38:00 Gothikon
40:02 Chain Barding Armor
39:43 Bracer
42:01 Plate Mail Armor
42:10 Plate Barding Armor
41:54 Elite Jarl
44:15 Vendel Legacy
Wololo
5:50 Loom
13:35 Feudal Age
14:09 Double-Bit Axe
21:17 Fishing Lines
26:42 Castle Age
25:22 Gold Mining
27:57 Gillnets
38:38 Imperial Age
42:11 Squires
42:19 Pikeman
44:41 Halberdier
Barbas_97
15:46 Feudal Age
14:03 Loom
16:11 Double-Bit Axe
20:26 Castle Age
19:05 Gold Mining
19:20 Scale Mail Armor
19:45 Horse Collar
20:41 Champi Runner
21:22 Squires
21:42 Chain Mail Armor
22:10 Champi Warrior
25:18 Wheelbarrow
28:16 Arson
29:42 Pikeman
34:21 Imperial Age
32:11 Heavy Plow
32:32 Bow Saw
33:35 Forging
35:05 Fletching
37:21 Halberdier
38:17 Bodkin Arrow
38:24 Padded Archer Armor
40:14 Iron Casting
40:09 Plate Mail Armor
41:08 Gold Shaft Mining
41:38 Two-Man Saw
40:51 Bracer
41:06 Leather Archer Armor
41:37 Conscription
42:26 Elite Blackwood Archer
The Bear Jew
3:57 Loom
14:08 Feudal Age
18:05 Double-Bit Axe
20:51 Castle Age
19:01 Stone Mining
20:32 Bloodlines
20:31 Scale Barding Armor
22:46 Bow Saw
23:11 Horse Collar
26:01 Heavy Plow
28:45 Chain Barding Armor
29:31 Fletching
31:34 Bodkin Arrow
36:31 Imperial Age
35:06 Forging
39:13 Cavalier
40:30 Plate Barding Armor
40:22 Ballistics
41:03 Chemistry
47:11 Two-Man Saw
Basado Basadez
14:25 Feudal Age
16:08 Double-Bit Axe
21:09 Castle Age
19:00 Loom
19:52 Wheelbarrow
19:06 Town Watch
19:10 Horse Collar
21:15 Scale Barding Armor
21:21 Forging
27:39 Bloodlines
27:53 Chain Barding Armor
28:13 Iron Casting
28:06 Heavy Plow
28:30 Bow Saw
34:03 Imperial Age
32:15 Hand Cart
32:33 Fletching
35:13 Conscription
35:11 Steppe Husbandry
36:28 Town Patrol
36:29 Elite Steppe Lancer
39:05 Plate Barding Armor
39:12 Gold Mining
40:35 Blast Furnace
Goroez
6:24 Loom
14:52 Feudal Age
16:09 Town Watch
16:54 Bloodlines
16:43 Double-Bit Axe
17:56 Scale Barding Armor
18:02 Forging
23:58 Castle Age
27:50 Horse Collar
29:59 Wheelbarrow
33:45 Hand Cart
36:25 Fletching
37:04 Bow Saw
36:57 Heavy Plow
42:15 Imperial Age
40:10 Town Patrol
Connection lost

Rejoining the realm…

Still unreachable

The connection could not be restored.

Session expired

The server has moved on; the page needs a fresh start.